 Dungeon Crawl Stone Soup version 0.27.1-34-g3ba077fa99 (webtiles) character file.

Game seed: 9874500730378677834

89 boopmooplesden the Skirmisher (level 4, -2/40 HPs)
             Began as a Minotaur Fighter on Jan 17, 2022.
             Slain by Grinder (6 damage)
             ... on level 3 of the Dungeon.
             The game lasted 00:02:34 (1652 turns).

boopmooplesden the Skirmisher (Minotaur Fighter)    Turns: 1652, Time: 00:02:35

Health: -2/40      AC:  8    Str: 21    XL:     4   Next: 31%
Magic:  3/3        EV: 11    Int:  5    God:
Gold:   142        SH:  9    Dex: 10    Spells: 3/3 levels left

rFire    . . .     SeeInvis .   a - +0 long sword
rCold    . . .     Faith    .   c - +0 kite shield
rNeg     . . .     Spirit   .   b - +0 scale mail
rPois    .         Reflect  .   (helmet restricted)
rElec    .         Harm     .   i - +0 cloak
rCorr    .         Rampage  .   (no gloves)
Will     .....                  (no boots)
Stlth    ..........             (no amulet)
HPRegen  0.13/turn              h - +4 ring of evasion
MPRegen  0.08/turn              (no ring)

@: no status effects
A: horns 2, retaliatory headbutt
a: no special abilities


You were on level 3 of the Dungeon.
You visited 1 branch of the dungeon, and saw 3 of its levels.

You collected 142 gold pieces.

Inventory:

Hand Weapons
 a - a +0 long sword (weapon)
Armour
 b - a +0 scale mail (worn)
 c - a +0 kite shield (worn)
 i - a +0 cloak (worn)
 o - a +0 chain mail
Jewellery
 h - a +4 ring of evasion (left hand)
 k - a ring of positive energy
 m - an amulet of magic regeneration
 n - a ring of flight
Scrolls
 e - a scroll of fog
 l - a scroll of acquirement {unknown}
Potions
 d - a potion of might
 f - a potion of berserk rage {unknown}
 g - 2 potions of mutation {unknown}
 j - a potion of degeneration {unknown}


   Skills:
 + Level 4.1 Fighting
 + Level 4.1 Long Blades
 + Level 4.1 Armour
 + Level 0.7 Dodging
 + Level 4.1 Shields


You had 3 spell levels left.
You didn't know any spells.
Your spell library contained the following spells:

 Spells                   Type           Power      Damage    Failure   Level
 Gell's Gravitas          Tloc           0%         N/A       100%        3
 Teleport Other           Tloc           0%         N/A       100%        3
 Airstrike                Air            0%         N/A       100%        4
 Summon Lightning Spire   Summ/Air       0%         N/A       100%        4
 Lightning Bolt           Conj/Air       0%         1d11      100%        5
 Dispersal                Tloc           0%         N/A       100%        6


Dungeon Overview and Level Annotations

Branches:
Dungeon (3/15)

Altars:
Zin

Shops:
D:2 =

Annotations:
D:3 Grinder


Innate Abilities, Weirdness & Mutations

You have a pair of horns on your head.
You reflexively headbutt those who attack you in melee.


Message History

The goblin shouts!
You hear a shout!
A goblin is nearby!
A goblin is nearby!
Found 7 gold pieces.
A goblin is nearby!
The goblin hits you but does no damage.
You barely miss the goblin. You block the goblin's attack.
You barely miss the goblin. You block the goblin's attack.
You barely miss the goblin. Your headbutt misses the goblin.
The goblin hits you but does no damage. x2
You closely miss the goblin. The goblin closely misses you.
You furiously retaliate!
You headbutt the goblin.
You riposte.
You hit the goblin.
You kill the goblin!
You see here a +0 club.
Found a stone staircase leading up.
You now have 142 gold pieces (gained 7).
A worm comes into view.
A worm is nearby!
A worm is nearby!
A worm is nearby!
Grinder comes into view.
The worm bites you.
You hit the worm but do no damage. You slash the worm!
You headbutt the worm, but do no damage.
The worm is heavily wounded.
Grinder blinks!
The worm bites you!
You barely miss the worm.
The worm is heavily wounded.
Grinder hits you. The worm bites you! Grinder hits you.
* * * LOW HITPOINT WARNING * * *
You writhe in agony.
* * * LOW HITPOINT WARNING * * *
You hit the worm but do no damage.
The worm is heavily wounded.
Grinder hits you.
* * * LOW HITPOINT WARNING * * *
You writhe in agony.
You die...

#######............###.#.
#....).(.....# #...
#............# ##..
#............# #..
#.........#### ##. #
#.........# #> #..
#.........# #.
#....#.........# #.
#....'w@5......# #.
#....#.........# #. ###
#<...###### ######.
#..#.# #...... ####.#
#.##### ..# #.# ### #[#
#.# #)#


You could see Grinder and a worm.

Vanquished Creatures
  A centaur zombie (D:3)
  3 dart slugs
  4 bats
  4 endoplasms
  2 giant cockroaches
  8 hobgoblins
  2 jackals (D:1)
  4 kobolds
  3 quokkas
  2 ball pythons (D:1)
  3 frilled lizards
  3 goblins
  4 rats
43 creatures vanquished.

Notes
Turn   | Place    | Note
-------+----------+-------------------------------------------
     0 | D:1      | boopmooplesden the Minotaur Fighter began the quest for the
                  | Orb.
     0 | D:1      | Reached XP level 1. HP: 19/19 MP: 0/0
   208 | D:1      | Reached XP level 2. HP: 27/27 MP: 1/1
   569 | D:1      | Found a faded altar of an unknown god.
   616 | D:1      | Reached XP level 3. HP: 33/33 MP: 2/2
  1349 | D:2      | Found a glowing silver altar of Zin.
  1380 | D:2      | Found Rouzuo's Jewellery Shoppe.
  1550 | D:3      | Reached XP level 4. HP: 35/40 MP: 3/3
  1648 | D:3      | Noticed Grinder
  1652 | D:3      | Slain by Grinder

Illustrated notes

Levels and vault maps discovered:
D:1:      heliophobic_arrival_dark_side_of_the_moon, layout_basic,
          ebering_ecumenical_altar_abandoned
D:2:      layout_basic, serial_shops, nicolae_shop_behind_doors, basic_altar
D:3:      cheibrodos_old_hovel, layout_basic, uniq_grinder

Skill      XL: |  1  2  3 |
---------------+----------+-----
Fighting       | 4 |  4.1
Armour         | 4 |  4.1
Shields        | 4 |  4.1
Long Blades    | 4 |  4.1
Dodging        | |  0.7

Action                   |  1- 3 |  4- 6 || total
-------------------------+-------+-------++-------
Melee: Long sword        |    81 |    10 ||    91
       Headbutt          |     7 |     2 ||     9
  Use: Scroll            |     1 |       ||     1
Armor: Scale mail        |    39 |     3 ||    42
Dodge: Dodged            |    46 |     2 ||    48
Block: Kite shield       |    47 |     3 ||    50
       Rpst.: Long sword |    12 |     1 ||    13
